 Dungeon Crawl Stone Soup version 0.24.1-14-gf8d2b509d9 (webtiles) character file.

Game seed: 4333628537285667150, levelgen mode: deterministic

8202 Curus the Nimble (level 11, -1/95 HPs)
             Began as a Merfolk Berserker on May 28, 2020.
             Was a High Priest of Trog.
             Slain by a six-headed hydra (12 damage)
             ... on level 1 of the Lair of Beasts.
             The game lasted 00:57:30 (8939 turns).

Curus the Nimble (Merfolk Berserker)                Turns: 8939, Time: 00:57:30

Health: -1/95      AC:  9    Str: 21      XL:     11   Next: 27%
Magic:  11/11      EV: 19    Int:  7      God:    Trog [*****.]
Gold:   504        SH:  4    Dex: 15 (16) Spells: 10/10 levels left

rFire    . . .     SeeInvis .   E - +1 trident
rCold    + . .     Gourm    .   m - +0 buckler
rNeg     . . .     Faith    .   h - +0 ring mail
rPois    .         Spirit   .   r - +2 hat
rElec    .         Reflect  .   q - scarf {cloud immunity}
rCorr    .         Harm     .   (no gloves)
MR       .....                  f - +1 pair of boots
Stlth    +.........             w - amulet of magic regeneration
HPRegen  0.25/turn              B - +3 ring of strength
MPRegen  0.37/turn              u - ring of protection from cold

@: lethally poisoned (-1 -> -3)
A: change form in water, swift swim, stealthy swim
a: Berserk, Trog's Hand, Brothers in Arms, Renounce Religion


You were on level 1 of the Lair of Beasts.
You worshipped Trog.
Trog was extremely pleased with you.
You were not hungry.

You visited 2 branches of the dungeon, and saw 9 of its levels.
You also visited: Sewer.

You collected 504 gold pieces.

Inventory:

Hand Weapons
 a - a +4 spear
 C - a +5 antimagic halberd
 E - a +1 trident (weapon)
Armour
 b - a +0 animal skin
 e - a -1 leather armour
 f - a +1 pair of boots (worn)
 h - a +0 ring mail (worn)
 m - a +0 buckler (worn)
 q - a scarf of cloud immunity (worn)
 r - a +2 hat (worn)
Jewellery
 i - an uncursed ring of wizardry
 u - a ring of protection from cold (right hand)
 w - an amulet of magic regeneration (around neck)
 x - an uncursed amulet of rage
 y - an uncursed ring of fire
 B - a +3 ring of strength (left hand)
Wands
 j - a wand of polymorph (18)
Scrolls
 d - 6 scrolls of identify
 g - 5 scrolls of teleportation
 k - 3 scrolls of fear
 t - a scroll of fog
 D - a scroll of remove curse
Potions
 l - 2 potions of flight
 n - 3 potions of brilliance
 o - 3 potions of curing
 p - 5 potions of heal wounds
 s - a potion of agility
 v - 2 potions of berserk rage
 z - 2 potions of invisibility
 A - a potion of lignification
Comestibles
 c - 25 rations
 F - 3 chunks of flesh


   Skills:
 - Level 11.6 Fighting
 + Level 12.5 Polearms
 - Level 1.3 Armour
 - Level 13.3 Dodging
 + Level 2.4 Shields


You had 10 spell levels left.
You didn't know any spells.
Your spell library was empty.

Dungeon Overview and Level Annotations

Branches:
Dungeon (8/15)             Temple (0/1) D:7            Lair (1/6) D:8
  Sewer (visited)

Altars:
Ashenzari
Cheibriados
Nemelex Xobeh
Ru
Sif Muna
Trog
Zin
The Shining One

Shops:
D:8 (

Annotations:
Lair:1 Nergalle


Message History

The six-headed hydra is lightly wounded.
The six-headed hydra completely misses you.
The six-headed hydra closely misses you.
The six-headed hydra bites you. The six-headed hydra barely misses you.
The six-headed hydra bites you but does no damage.
The six-headed hydra misses you.
You hit the six-headed hydra.
The six-headed hydra is lightly wounded.
You feel sick. The six-headed hydra bites you! The six-headed hydra bites you.
The six-headed hydra bites you!
* * * LOW HITPOINT WARNING * * *
The six-headed hydra misses you. The six-headed hydra bites you!
* * * LOW HITPOINT WARNING * * *
The six-headed hydra bites you!
* * * LOW HITPOINT WARNING * * *
Your deep troll goes berserk!
You feel quite a bit more hungry.
The six-headed hydra barely misses you. x2
The six-headed hydra closely misses you.
The six-headed hydra bites you!
You die...

#........## .
##..≈≈.....#
####..####
....≈###.... #..#
..... .... #..#
###..... #..##
........ #...###
.......P #.....##
##......##
##......###.#.......
.#..P....FD@T........
..........######......
......................
..........#####.##
..## .......F..# ..#
........## .# .......
# ....... ......o


You could see a six-headed hydra, a spiny frog and a friendly deep troll
(berserk).

Vanquished Creatures
  A two-headed ogre (D:8)
  Pikel (D:6)
  The ghost of Ananasrisotto the Conjurer, a novice DrCj of Qazlal (D:6)
  A spiny frog (Lair:1)
  A komodo dragon (Lair:1)
  A hornet (D:8)
  4 yaks
  Eustachio (D:6)
  A human (D:7)
  Grum (D:8)
  3 hogs (D:7)
  2 hungry ghosts (D:8)
  Menkaure (D:6)
  A steam dragon (D:5)
  3 water moccasins
  2 ice beasts
  2 sky beasts
  7 wolves
  6 ogres
  A centaur (D:5)
  A big kobold (Sewer)
  A bullfrog (D:7)
  A scorpion (D:8)
  12 killer bees (D:7)
  3 wights (D:6)
  2 crimson imps
  2 quasits
  5 hounds
  The ghost of Descartes the Charmwright, a weakling FeSk (D:3)
  Crazy Yiuf (D:6)
  7 orc priests
  4 bullfrog skeletons
  A centaur skeleton (D:7)
  4 iguanas
  8 orc wizards
  8 worker ants
  A hound skeleton (D:6)
  17 adders
  9 river rats
  A shadow imp (D:5)
  An ooze (D:1)
  An adder skeleton (D:6)
  A dart slug (D:3)
  4 worms
  2 leopard geckos
  29 orcs
  7 bats
  9 giant cockroaches
  3 goblins
  6 hobgoblins
  10 jackals
  4 quokkas
  16 ball pythons
  6 frilled lizards
  27 kobolds
  29 rats
285 creatures vanquished.

Vanquished Creatures (others)
  A howler monkey (D:6)
  A fungus (Lair:1)
2 creatures vanquished.

Grand Total: 287 creatures vanquished

Notes
Turn   | Place    | Note
-------+----------+-------------------------------------------
     0 | D:1      | Curus the Merfolk Berserker began the quest for the Orb.
     0 | D:1      | Reached XP level 1. HP: 18/18 MP: 1/1
   137 | D:1      | Reached skill level 5 in Polearms
   145 | D:1      | Reached XP level 2. HP: 22/24 MP: 2/2
   340 | D:1      | Reached XP level 3. HP: 19/29 MP: 3/3
   536 | D:1      | Reached ** piety under Trog
   898 | D:2      | Reached XP level 4. HP: 30/35 MP: 4/4
  1542 | D:2      | Found a shattered altar of Ashenzari.
  1988 | D:3      | Found a runed translucent gate.
  1988 | D:3      | Found a runed translucent gate.
  1988 | D:3      | Found a runed translucent gate.
  1988 | D:3      | Noticed Descartes's ghost (weakling FeSk)
  2038 | D:3      | Killed Descartes's ghost
  2041 | D:3      | Reached XP level 5. HP: 9/41 MP: 5/5
  2574 | D:3      | Found a faded altar of an unknown god.
  2888 | D:3      | Found a glowing golden altar of the Shining One.
  3213 | D:4      | Reached XP level 6. HP: 24/47 MP: 6/6
  3429 | D:4      | Reached skill level 10 in Polearms
  3468 | D:4      | Found a glowing drain.
  3470 | D:4      | Reached *** piety under Trog
  3491 | D:4      | Reached XP level 7. HP: 32/52 MP: 7/7
  3726 | Sewer    | Entered a sewer
  3900 | Sewer    | Reached **** piety under Trog
  4415 | D:4      | Reached skill level 3 in Dodging
  4660 | D:5      | Entered Level 5 of the Dungeon
  4750 | D:5      | Found a snail-covered altar of Cheibriados.
  4784 | D:5      | Noticed a yak
  4784 | D:5      | Noticed a yak
  4789 | D:5      | Noticed a yak
  4794 | D:5      | Reached skill level 4 in Dodging
  4794 | D:5      | Reached XP level 8. HP: 60/60 MP: 8/8
  4826 | D:5      | Killed a yak
  4826 | D:5      | Reached skill level 5 in Dodging
  4831 | D:5      | Killed a yak
  4831 | D:5      | Reached skill level 5 in Fighting
  4834 | D:5      | Killed a yak
  4834 | D:5      | Reached skill level 6 in Dodging
  5122 | D:5      | Found a shimmering blue altar of Sif Muna.
  5149 | D:5      | Reached skill level 7 in Dodging
  5183 | D:5      | Reached XP level 9. HP: 42/71 MP: 9/9
  5470 | D:6      | Reached skill level 8 in Dodging
  5615 | D:6      | Reached ***** piety under Trog
  5628 | D:6      | Reached skill level 9 in Dodging
  5700 | D:6      | Noticed Menkaure
  5713 | D:6      | Killed Menkaure
  5773 | D:6      | Noticed Pikel
  5788 | D:6      | Killed Pikel
  5788 | D:6      | Reached skill level 10 in Dodging
  5935 | D:6      | Found a runed translucent door.
  5936 | D:6      | Noticed Crazy Yiuf
  6027 | D:6      | Noticed Eustachio
  6043 | D:6      | Killed Eustachio
  6055 | D:6      | Reached XP level 10. HP: 69/83 MP: 10/10
  6063 | D:6      | Found a glowing silver altar of Zin.
  6063 | D:6      | Found a sparkling altar of Nemelex Xobeh.
  6068 | D:6      | Found a faded altar of an unknown god.
  6070 | D:6      | Found a shimmering blue altar of Sif Muna.
  6071 | D:6      | Found a faded altar of an unknown god.
  6091 | D:6      | Found a large runed translucent door.
  6091 | D:6      | Found a large runed translucent door.
  6095 | D:6      | Noticed Ananasrisotto's ghost (novice DrCj)
  6265 | D:6      | Killed Ananasrisotto's ghost
  6459 | D:6      | Killed Crazy Yiuf
  6509 | D:7      | Reached skill level 11 in Dodging
  6558 | D:7      | Received a gift from Trog
  6666 | D:7      | Found a bloodstained altar of Trog.
  6743 | D:7      | Found a staircase to the Ecumenical Temple.
  6943 | D:7      | Reached skill level 10 in Fighting
  7309 | D:7      | Found a sacrificial altar of Ru.
  7373 | D:7      | Reached skill level 12 in Dodging
  7701 | D:8      | Noticed a two-headed ogre
  7713 | D:8      | Killed a two-headed ogre
  7757 | D:8      | Noticed a death yak
  7766 | D:8      | Noticed a death yak
  7766 | D:8      | Noticed a death yak
  7767 | D:8      | Noticed Grum
  8336 | D:8      | Reached skill level 13 in Dodging
  8336 | D:8      | Reached XP level 11. HP: 93/93 MP: 11/11
  8362 | D:8      | Found a staircase to the Lair.
  8400 | D:8      | Killed Grum
  8484 | D:8      | Found Adotwakh's Antique Weapon Emporium.
  8510 | Lair:1   | Entered Level 1 of the Lair of Beasts
  8580 | Lair:1   | Reached skill level 1 in Shields
  8923 | Lair:1   | Noticed a six-headed hydra
  8924 | Lair:1   | Noticed Nergalle
  8939 | Lair:1   | Slain by a six-headed hydra

Levels and vault maps discovered:
D:1:      dpeg_arrival_rhombi, layout_basic, minmay_crystal_water,
          minmay_indecisive_spiral
D:2:      layout_basic, evilmike_ruin_ashenzari, minmay_door_square,
          minivault_24, minmay_octomino_c4
D:3:      layout_loops_ring, tso_oasis_becter, chequers_ecumenical_altar_grove,
          gammafunk_ghost_split, grunt_ministairs_13, minmay_shallow_snake_nest
D:4:      layout_basic, portal_sewer_entry_a, first_ration
D:5:      layout_rooms, kennysheep_little_box, led_sif_pool
D:6:      layout_rooms, chequers_temple_overflow_minitemple,
          ebering_ghost_disaster_area, hangedman_decor_riveting,
          minmay_misc_feat_plants, uniq_eustachio, uniq_menkaure,
          uniq_crazy_yiuf_cottage, uniq_pikel
D:7:      layout_loops_ring, old_standard_altar, nicolae_overflow_crystal_walls,
          minmay_temple_entry_overgrown, grunt_livestock
D:8:      layout_basic, dpeg_lair_monsters, serial_shops, shop_fountains,
          uniq_grum
Lair:1:   layout_misc_corridors, lemuel_fruit_fields,
          infiniplex_staircase_pool_2, uniq_nergalle

Skill      XL: |  1  2  3  4  5  6  7  8  9 10 11 |
---------------+----------------------------------+-----
Polearms       | 5 6 8 9 10 12 | 12.5
Dodging        | 4 7 10 13 | 13.3
Fighting       | 4 6 9 11 | 11.6
Shields        | 2 |  2.4
Armour         | |  1.3

Action                   |  1- 3 |  4- 6 |  7- 9 | 10-12 || total
-------------------------+-------+-------+-------+-------++-------
Melee: Spear             |   126 |   271 |   480 |   268 ||  1145
       Trident           |       |       |       |   233 ||   233
Invok: Berserk           |       |     1 |     4 |     8 ||    13
       Brothers in Arms  |       |       |       |     1 ||     1
  Use: Scroll            |     2 |     7 |     6 |     4 ||    19
       Potion            |     1 |     4 |     2 |     2 ||     9
 Stab: Sleeping          |     4 |     1 |       |       ||     5
  Eat: Chunk             |       |     9 |    10 |    14 ||    33
       Ration            |       |       |       |     2 ||     2
Armor: Leather armour    |    13 |     9 |       |       ||    22
       Ring mail         |       |    40 |    66 |    72 ||   178
Dodge: Dodged            |    73 |    99 |   166 |   289 ||   627
Block: Buckler           |       |    14 |    34 |    51 ||    99
